 Dungeon Crawl Stone Soup version 0.31-a0-996-g3b49de5836 (webtiles) character file.

Game seed: 10693746062891829850

156121 Gladio the Bludgeoner (level 18, -12/160 HPs)
             Began as a Formicid Fighter on Nov 7, 2023.
             Was a High Priest of Okawaru.
             Mangled by a kraken (19 damage)
             ... on level 4 of the Shoals.
             The game lasted 01:07:39 (26691 turns).

Gladio the Bludgeoner (Formicid Fighter)           Turns: 26691, Time: 01:07:39

Health: -12/160    AC: 39    Str: 29    XL:     18   Next: 29%
Magic:  25/27      EV: 15    Int: 12    God:    Okawaru [*****.]
Gold:   1262       SH: 16    Dex: 13    Spells: 17/17 levels left

rFire   . . .        Q - +6 great mace (heavy)
rCold   . . .        v - +2 kite shield {AC+3}
rNeg    . . .        R - +6 plate armour of Pathos {+Blink rElec Int+4}
rPois   .            (helmet unavailable)
rElec   +            b - +1 cloak {rCorr}
rCorr   +            D - +1 pair of gloves
SInv    +            S - +2 pair of boots
Will    +....        q - amulet of regeneration Stlth
                     F - +5 ring of evasion
HPRegen 1.26/turn    x - +4 ring of protection
MPRegen 0.20/turn

%: no passive effects
@: heroic, very slow
A: permanent stasis, dig shafts and tunnels, antennae 3, four strong arms
a: Dig, Shaft Self, Renounce Religion, Heroism, Finesse, Duel


You were on level 4 of the Shoals.
You worshipped Okawaru.
Okawaru was extremely pleased with you.
You visited 5 branches of the dungeon, and saw 27 of its levels.
You also visited: Sewer.

You collected 2725 gold pieces.
You spent 1463 gold pieces at shops.

Inventory:

Hand Weapons
 Q - a +6 heavy great mace (weapon)
Missiles
 c - 3 throwing nets
 o - 19 silver javelins (quivered)
 u - 4 atropa-tipped darts
 y - 59 boomerangs
 C - 5 curare-tipped darts
 E - 18 poisoned darts
 O - 4 datura-tipped darts
Armour
 b - a +1 cloak of preservation (worn)
 v - a +2 kite shield of protection (worn)
 D - a +1 pair of gloves (worn)
 R - the +6 plate armour of Pathos (worn) {+Blink rElec Int+4}
   (Okawaru gifted it to you on level 11 of the Dungeon)

   Int+4:     It affects your intelligence (+4).
   rElec:     It insulates you from electricity.
   +Blink:    It lets you blink.
 S - a +2 pair of boots (worn)
Jewellery
 g - a +5 ring of evasion
 n - a ring of ice
 q - an amulet of regeneration (around neck)
 r - a ring of wizardry
 x - a +4 ring of protection (right hand)
 F - a +5 ring of evasion (left hand)
 N - a ring of positive energy
 W - a ring of resist corrosion
Wands
 a - a wand of flame (5)
 k - a wand of paralysis (14)
 A - a wand of polymorph (1)
 B - a wand of roots (12)
 L - a wand of light (9)
Scrolls
 d - 2 scrolls of fear
 e - 3 scrolls of poison
 f - 2 scrolls of fog
 h - a scroll of silence {unknown}
 i - 4 scrolls of vulnerability
 l - 4 scrolls of immolation
 m - 7 scrolls of enchant armour
 G - a scroll of brand weapon
 J - 5 scrolls of revelation
 K - a scroll of acquirement
 P - 3 scrolls of amnesia
Potions
 j - 3 potions of heal wounds
 p - 2 potions of brilliance
 s - 5 potions of curing
 t - 3 potions of attraction
 w - 6 potions of enlightenment
 z - 3 potions of resistance
 H - 2 potions of magic
 M - 2 potions of mutation
 T - a potion of might
 U - 8 potions of ambrosia
 X - 2 potions of lignification
 Y - 2 potions of invisibility
 Z - 2 potions of cancellation
Miscellaneous
 I - a lightning rod (4/4)
 V - a phial of floods


   Skills:
 * Level 19.4(24.4) Fighting
 - Level 20.0(25.0) Maces & Flails
 + Level 3.2(8.2) Throwing
 + Level 11.5(16.5) Armour
 + Level 12.1(17.1) Shields
 - Level 12.0 Invocations


You had 17 spell levels left.
You didn't know any spells.
Your spell library contained the following spells:

 Spells                   Type           Power      Damage    Failure   Level
 Apportation              Tloc           0%         N/A       92%         1
 Shock                    Conj/Air       0%         1d3       92%         1
 Slow                     Hex            0%         N/A       92%         1
 Jinxbite                 Hex            0%         N/A       98%         2
 Sublimation of Blood     Necr           0%         N/A       98%         2
 Wereblood                Tmut           0%         N/A       98%         2
 Confusing Touch          Hex            0%         N/A       100%        3
 Dazzling Flash           Conj/Hex       0%         N/A       100%        3
 Hailstorm                Conj/Ice       0%         3d3       100%        3
 Inner Flame              Hex/Fire       0%         N/A       100%        3
 Sigil of Binding         Hex            0%         N/A       100%        3
 Vampiric Draining        Necr           0%         2d6       100%        3
 Airstrike                Air            0%         2d(0-16)  100%        4
 Petrify                  Tmut/Erth      0%         N/A       100%        4
 Agony                    Necr           0%         N/A       100%        5
 Alistair's Intoxication  Tmut/Pois      0%         N/A       100%        5
 Irradiate                Conj/Tmut      0%         3d11      100%        5
 Silence                  Hex/Air        0%         N/A       100%        5
 Yara's Violent Unravell  Hex/Tmut       0%         3d3       100%        5
 Enfeeble                 Hex            0%         N/A       100%        7
 Swiftness                Air            Unusable   N/A       N/A         3
 Summon Ice Beast         Ice/Summ       Unusable   N/A       N/A         4
 Simulacrum               Ice/Necr       Unusable   N/A       N/A         6

Dungeon Overview and Level Annotations

Branches:
Dungeon (15/15)            Temple (1/1) D:4            Lair (5/5) D:11
 Shoals (4/4) Lair:3        Snake (0/4) Lair:2        Slime (0/5) Lair:5
    Orc (2/2) D:9             Elf (0/3) Orc:2        Vaults (0/5) D:13
 Depths (0/4) D:15          Sewer (visited)

Altars:
Ashenzari
Cheibriados
Dithmenos
Elyvilon
Fedhas
Gozag
Hepliaklqana
Kikubaaqudgha
Makhleb
Nemelex Xobeh
Okawaru
Qazlal
Ru
Sif Muna
Trog
Uskayaw
Vehumet
Wu Jian
Xom
Yredelemnul
Zin
The Shining One

Shops:
D:6 (   Orc:1 ([[   Orc:2 =([*:   Shoals:1 [   Shoals:2 [

Portals:
Trove: D:14 (give +5 demon trident)

Annotations:
D:14 Roxanne
Lair:1 3 runed translucent doors, Pixllover's ghost, journeyman GrEE
Shoals:4 Mara


Innate Abilities, Weirdness & Mutations

You cannot be hasted, slowed, berserked, paralysed or teleported.
You can dig through walls and to a lower floor.
You have a pair of large antennae on your head. (SInv)
Your four strong arms can wield two-handed weapons with a shield.


Message History

The kraken is heavily wounded.
The tentacle closely misses you. You block the tentacle's attack. x2
The kraken bites you but does no damage.
You block the tentacle's attack.
The tentacle slaps you but does no damage.
A tentacle rises from the water!
The tentacle barely misses you.
A tentacle comes into view.
You hit the kraken but do no damage.
The kraken is heavily wounded.
The tentacle slaps you but does no damage. x2
You block the tentacle's attack.
A tentacle segment bursts forth from the water. x3
The kraken bites you but does no damage.
You block the tentacle's attack. The tentacle barely misses you.
You block the tentacle's attack. x2
The kraken bites you but does no damage.
Your unstable footing causes you to fumble your attack.
You block the tentacle's attack. x2; The tentacle closely misses you.
The tentacle slaps you but does no damage.
A tentacle segment bursts forth from the water. x3
The tentacle slaps you but does no damage. x2
The kraken bites you but does no damage.
You block the tentacle's attack. The tentacle misses you.
Aiming: Duel (6% risk of failure)
Press: ? - help, Dir - move target, f - kraken
Aim: a kraken (water, heavily wounded)
You cannot duel that!
You gain the combat prowess of a mighty hero.
The tentacle slaps you!
* * * LOW HITPOINT WARNING * * *
You block the tentacle's attack. The tentacle closely misses you.
The tentacle slaps you but does no damage.
The kraken bites you!
* * * LOW HITPOINT WARNING * * *
The tentacle slaps you!
* * * LOW HITPOINT WARNING * * *
The tentacle barely misses you.
The tentacle slaps you but does no damage.
You block the tentacle's attack. The kraken bites you!!
You die...

≈≈≈≈≈≈≈≈≈≈≈≈≈≈≈
≈≈≈≈≈≈≈≈≈≈≈≈≈≈≈
≈≈≈≈≈≈≈≈≈≈≈≈≈≈≈≈≈≈≈≈
#≈≈≈≈≈≈≈≈≈≈≈≈≈≈≈≈≈≈≈≈~~
#≈≈≈≈≈≈≈≈≈≈≈≈≈≈≈≈≈≈≈~~.~
#≈≈≈≈≈≈≈≈≈≈≈≈~~~~~~~~.#.~~
#≈≈≈≈≈≈≈≈Xw~P~~~~~...#.#~~
#≈≈≈≈≈≈≈~w@PP~~~~~....#~~≈#
#≈≈≈≈≈≈~PPww~~~~~~..#~~~≈#≈
#≈≈≈≈≈P~~~~~~~.....~#~~≈#≈≈
#≈≈≈≈≈~~~~##~~......#~~#≈≈≈
#≈≈≈≈≈~~#######.....##≈≈#≈~
#≈≈≈≈~##. ##~...)##≈...
#≈≈≈≈~ .. #......##...
#≈≈≈~ .~# #.......####
#≈≈≈~ #≈~ #~..........


You could see a kraken and 4 tentacles.

Vanquished Creatures
  A kraken (Shoals:2)
  Agnes (D:15)
  Ilsuiw (Shoals:3)
  2 orc warlords
  A stone giant (D:15)
  Nessos (D:12)
  5 merfolk javelineers
  A fire dragon (D:15)
  Josephine (Lair:5)
  Fannar (D:12)
  5 merfolk impalers
  Harold (Orc:1)
  3 hydras
  An ogre mage (Orc:1)
  3 catoblepae
  A vault guard (D:13)
  3 centaur warriors (D:14)
  4 boulder beetles
  A merfolk avatar (Shoals:2)
  5 two-headed ogres
  A death knight (D:14)
  A merfolk aquamancer (Shoals:2)
  An alligator snapping turtle (Shoals:4)
  12 death yaks
  A satyr (Shoals:3)
  5 tengu warriors
  5 orc high priests (Orc:2)
  Sonja (Orc:2)
  Amaemon (D:11)
  4 skysharks
  A sixfirhy (D:11)
  5 skeletal warriors
  8 sea snakes
  A deep troll (D:15)
  A glowing orange brain (D:13)
  A necromancer (D:15)
  2 lindwurms (Lair:3)
  5 harpies (Shoals:4)
  5 orc knights
  7 orc sorcerers
  14 ugly things
  5 deep elf pyromancers
  23 manticores
  A rust devil (D:12)
  11 fauns
  5 water nymphs
  4 cyclopes
  Maurice (D:12)
  11 merfolk sirens
  18 elephants
  6 black mambas
  2 unseen horrors
  2 gargoyles
  14 cane toads
  2 orange demons
  5 rime drakes
  3 torpor snails (Lair:5)
  2 freezing wraiths (D:14)
  2 tengu conjurers
  7 komodo dragons
  3 kobold demonologists
  21 merfolk
  2 wind drakes
  A meliai (shapeshifter) (D:15)
  6 trolls
  Grinder (D:6)
  15 polar bears
  A hornet (D:10)
  A queen bee (Lair:1)
  2 wolf spider simulacra
  14 blink frogs
  2 dream sheep (Lair:5)
  2 raiju (Lair:5)
  5 slime creatures (D:14)
  6 snapping turtles
  A centaur simulacrum (D:15)
  A ynoxinul (D:12)
  12 water elementals
  3 wyverns
  9 wraiths
  A shadow (D:9)
  Eustachio (D:6)
  22 yaks
  4 basilisks (Lair:3)
  2 humans (D:12)
  8 vampire mosquitoes
  A chaos spawn (D:12)
  Menkaure (D:6)
  A neqoxec (D:12)
  10 wargs
  4 nagas (Lair:2)
  3 acid dragons
  14 water moccasins
  Duvessa (D:6)
  15 hell hounds (Lair:5)
  A sky beast (D:7)
  46 orc warriors
  5 ice beasts
  15 black bears
  10 ogres
  31 wolves
  14 centaurs
  A phantom (D:6)
  3 kobold brigands
  11 bullfrogs
  2 scorpions (D:5)
  A wyvern zombie (D:7)
  13 wights
  A hornet simulacrum (D:15)
  Dowan (D:6)
  25 killer bees (Lair:1)
  An electric eel (D:15)
  6 howler monkeys
  2 centaur zombies (D:7)
  A quasit (D:12)
  3 hounds
  Crazy Yiuf (D:6)
  46 orc priests
  An iguana (D:5)
  Terence (D:3)
  28 orc wizards
  7 hell rats (Lair:3)
  2 killer bee zombies (D:7)
  2 howler monkey zombies (D:7)
  5 gnolls
  11 adders
  3 white imps (D:15)
  4 ufetubi
  2 dart slugs
  105 orcs
  6 endoplasms
  8 giant cockroaches
  3 goblins
  6 hobgoblins
  5 jackals
  5 quokkas
  6 ball pythons
  4 bats
  4 frilled lizards
  23 kobolds
  2 rats
  5 tentacles
932 creatures vanquished.

Vanquished Creatures (others)
  A centaur warrior (Shoals:3)
  A water nymph (Shoals:4)
  An orc priest (Orc:2)
  An orc (Orc:2)
  19 tentacles (Shoals:2)
23 creatures vanquished.

Grand Total: 955 creatures vanquished

Notes
Turn   | Place    | Note
-------+----------+-------------------------------------------
     0 | D:1      | Gladio the Formicid Fighter began the quest for the Orb.
     0 | D:1      | Reached XP level 1. HP: 18/18 MP: 1/1
   194 | D:1      | Reached XP level 2. HP: 10/24 MP: 2/2
   561 | D:1      | Reached XP level 3. HP: 30/30 MP: 3/3
   596 | D:1      | Reached skill level 3 in Maces & Flails
  1380 | D:2      | Reached XP level 4. HP: 37/37 MP: 4/4
  1995 | D:3      | Found a radiant altar of Vehumet.
  2051 | D:3      | Noticed Terence
  2061 | D:3      | Killed Terence
  2062 | D:3      | Reached skill level 4 in Maces & Flails
  2215 | D:3      | Reached XP level 5. HP: 42/42 MP: 5/5
  2797 | D:4      | Found a stormy altar of Qazlal.
  3078 | D:4      | Found a staircase to the Ecumenical Temple.
  3084 | Temple   | Entered the Ecumenical Temple
  3129 | Temple   | Became a worshipper of Warmaster Okawaru
  3218 | D:4      | Reached XP level 6. HP: 49/49 MP: 6/6
  3301 | D:4      | Found a hide-covered altar of Uskayaw.
  3451 | D:5      | Entered Level 5 of the Dungeon
  3456 | D:5      | Found a sparkling altar of Nemelex Xobeh.
  3472 | D:5      | Reached skill level 5 in Maces & Flails
  3472 | D:5      | Reached skill level 1 in Invocations
  3557 | D:5      | Noticed an ogre
  3579 | D:5      | Killed an ogre
  3580 | D:5      | Reached skill level 5 in Fighting
  3623 | D:5      | Found a glowing drain.
  3635 | Sewer    | Entered a sewer
  3648 | Sewer    | Reached XP level 7. HP: 56/56 MP: 8/8
  3689 | Sewer    | Noticed a water moccasin
  3697 | Sewer    | Killed a water moccasin
  3697 | Sewer    | Reached * piety under Okawaru
  3996 | D:5      | Reached skill level 6 in Maces & Flails
  4480 | D:6      | Noticed Grinder
  4496 | D:6      | Killed Grinder
  4496 | D:6      | Reached ** piety under Okawaru
  4497 | D:6      | Reached XP level 8. HP: 31/64 MP: 10/10
  4555 | D:6      | Noticed Eustachio
  4624 | D:7      | Reached skill level 7 in Maces & Flails
  4839 | D:7      | Reached *** piety under Okawaru
  4899 | D:7      | Reached skill level 5 in Invocations
  4953 | D:7      | Reached XP level 9. HP: 62/67 MP: 12/12
  4959 | D:7      | Reached skill level 8 in Maces & Flails
  5586 | D:7      | Reached skill level 9 in Maces & Flails
  5664 | D:6      | Noticed Dowan
  5768 | D:6      | Noticed Duvessa
  5773 | D:7      | Reached **** piety under Okawaru
  5800 | D:6      | Found Onkebru's Weapon Emporium.
  5864 | D:6      | Noticed Menkaure
  5938 | D:6      | Killed Menkaure
  6051 | D:6      | Reached XP level 10. HP: 61/80 MP: 15/15
  6190 | D:6      | Killed Eustachio
  6191 | D:6      | Reached skill level 10 in Maces & Flails
  6199 | D:6      | Found a glowing golden altar of the Shining One.
  6286 | D:6      | Killed Duvessa
  6304 | D:6      | Killed Dowan
  6399 | D:6      | Found a runed translucent door.
  6400 | D:6      | Noticed Crazy Yiuf
  6408 | D:6      | Killed Crazy Yiuf
  6556 | D:8      | Noticed a two-headed ogre
  6638 | D:8      | Killed a two-headed ogre
  6638 | D:8      | Reached ***** piety under Okawaru
  6639 | D:8      | Reached skill level 5 in Shields
  7473 | D:9      | Noticed a two-headed ogre
  7658 | D:8      | HP: 3/81 [kobold brigand/+2 short sword of draining (8)]
  7658 | D:8      | HP: 1/79 [kobold brigand/+2 short sword of draining (2)]
  7718 | D:8      | Received a gift from Okawaru
  7915 | D:9      | Reached skill level 5 in Armour
  7973 | D:9      | Reached XP level 11. HP: 82/89 MP: 17/17
  8028 | D:9      | Noticed a two-headed ogre
  8036 | D:9      | Killed a two-headed ogre
  8048 | D:9      | Reached skill level 11 in Maces & Flails
  8271 | D:9      | Killed a two-headed ogre
  8308 | D:9      | Found a staircase to the Orcish Mines.
  8451 | D:10     | Entered Level 10 of the Dungeon
  8836 | D:10     | Received a gift from Okawaru
  8929 | D:10     | Reached skill level 10 in Fighting
  9455 | D:11     | Noticed a sixfirhy
  9518 | D:10     | Reached skill level 12 in Maces & Flails
  9568 | D:11     | Identified the +5 orcbow "Koffidgh" {freeze, Str+7}
  9573 | D:11     | Found a staircase to the Lair.
  9646 | D:11     | Noticed a cyclops
  9721 | D:11     | Killed a cyclops
  9762 | D:11     | Noticed a boulder beetle
  9789 | D:11     | Killed a boulder beetle
  9790 | D:11     | Reached XP level 12. HP: 74/98 MP: 18/18
  9854 | D:11     | Reached ****** piety under Okawaru
  9897 | D:11     | Acquired a +3 heavy great mace
  9897 | D:11     | Received a gift from Okawaru
  9898 | D:11     | Acquired the +6 plate armour of Pathos {+Blink rElec Int+4}
  9898 | D:11     | Received a gift from Okawaru
 10160 | Lair:1   | Entered Level 1 of the Lair of Beasts
 10160 | Lair:1   | Noticed Amaemon
 10171 | D:11     | Killed Amaemon
 10173 | D:11     | Reached skill level 13 in Maces & Flails
 10383 | Lair:1   | Received a gift from Okawaru
 10831 | Lair:1   | Reached skill level 14 in Maces & Flails
 10998 | Lair:1   | Received a gift from Okawaru
 11100 | Lair:1   | Found a runed translucent gate.
 11100 | Lair:1   | Found a runed translucent gate.
 11100 | Lair:1   | Noticed an 11-headed hydra
 11101 | Lair:1   | Found a runed translucent gate.
 11101 | Lair:1   | Noticed Pixllover's ghost (journeyman GrEE)
 11101 | Lair:1   | Noticed a nine-headed hydra
 11439 | Lair:2   | Reached XP level 13. HP: 108/108 MP: 19/19
 11802 | Lair:2   | Reached skill level 15 in Maces & Flails
 12175 | Lair:2   | Found a staircase to the Snake Pit.
 12630 | Lair:3   | Received a gift from Okawaru
 13199 | Lair:3   | Found a staircase to the Shoals.
 13219 | Lair:3   | Reached skill level 16 in Maces & Flails
 13555 | Lair:4   | Noticed a six-headed hydra
 13575 | Lair:4   | Killed a six-headed hydra
 13734 | Lair:4   | Received a gift from Okawaru
 13925 | Lair:4   | Reached XP level 14. HP: 105/119 MP: 20/20
 14143 | Lair:4   | Identified a scroll of acquirement
 14588 | Lair:5   | Entered Level 5 of the Lair of Beasts
 14636 | Lair:5   | Received a gift from Okawaru
 14707 | Lair:5   | Reached skill level 17 in Maces & Flails
 14978 | Lair:5   | Received a gift from Okawaru
 15033 | Lair:5   | Identified the +5 sling of the Inferno {freeze, Will-
                  | Str+3}
 15372 | Lair:5   | Found a staircase to the Slime Pits.
 15408 | Lair:5   | Reached skill level 18 in Maces & Flails
 15445 | Lair:5   | Received a gift from Okawaru
 15550 | Lair:5   | Reached skill level 15 in Fighting
 15586 | Lair:5   | Reached XP level 15. HP: 107/129 MP: 21/21
 15621 | Lair:5   | Identified the +4 halberd "Batix" {speed, *Noise Will+
                  | Dex+3}
 15698 | Lair:5   | Noticed Josephine
 15711 | Lair:5   | Killed Josephine
 15723 | Lair:5   | Identified the +1 scale mail of Huatraor {rN+ MP+9 Int+2}
 15776 | Lair:5   | Received a gift from Okawaru
 16029 | Lair:4   | Reached skill level 19 in Maces & Flails
 16633 | D:12     | Noticed Nessos
 16646 | D:12     | Killed Nessos
 16685 | D:12     | Noticed Fannar
 16820 | D:12     | Killed Fannar
 16967 | D:12     | Found an iron altar of Okawaru.
 16982 | D:12     | Identified the +1 robe of the Abyss {rC+}
 16994 | D:12     | Noticed Maurice
 17001 | D:11     | Received a gift from Okawaru
 17154 | D:12     | Killed Maurice
 17881 | D:13     | Found a gate to the Vaults.
 18434 | D:14     | Received a gift from Okawaru
 18452 | D:14     | Reached skill level 20 in Maces & Flails
 18608 | D:14     | Noticed Roxanne
 18613 | D:14     | Reached XP level 16. HP: 137/139 MP: 22/22
 18900 | D:14     | Found a portal to a secret trove of treasure.
 19231 | D:15     | Entered Level 15 of the Dungeon
 19421 | D:15     | Received a gift from Okawaru
 19457 | D:15     | Found an ancient bone altar of Kikubaaqudgha.
 19532 | D:15     | Found a staircase to the Depths.
 19547 | D:15     | Noticed Agnes
 19575 | D:15     | Killed Agnes
 20041 | D:15     | Reached skill level 10 in Invocations
 20303 | Orc:1    | Entered Level 1 of the Orcish Mines
 20332 | Orc:1    | Received a gift from Okawaru
 20375 | Orc:1    | Found Oprow's Armour Shoppe.
 20577 | Orc:1    | Noticed Harold
 20584 | Orc:1    | Killed Harold
 20764 | Orc:1    | Found Simungeff's Armour Boutique.
 20777 | Orc:1    | Found Sussuota's Antique Weapon Shoppe.
 21064 | Orc:2    | Entered Level 2 of the Orcish Mines
 21700 | Orc:2    | Reached XP level 17. HP: 137/150 MP: 20/24
 22018 | Orc:2    | Found Zeera's Jewellery Boutique.
 22051 | Orc:2    | Received a gift from Okawaru
 22101 | Orc:2    | Found a staircase to the Elven Halls.
 22361 | Orc:2    | Noticed Sonja
 22366 | Orc:2    | Killed Sonja
 22399 | Orc:2    | Found Mittulaphe's General Store.
 22400 | Orc:2    | Found Fyryrris's Book Shop.
 22402 | Orc:2    | Found Xiptoi's Antique Armour Boutique.
 22402 | Orc:2    | Found Focig's Antique Weapon Boutique.
 22407 | Orc:2    | Bought a scroll of identify for 34 gold pieces
 22407 | Orc:2    | Bought a potion of might for 68 gold pieces
 22407 | Orc:2    | Bought a potion of mutation for 136 gold pieces
 22407 | Orc:2    | Bought a scroll of identify for 34 gold pieces
 22419 | Orc:2    | Bought a pair of runed boots for 187 gold pieces
 22665 | Orc:2    | Bought a +4 ring of protection for 612 gold pieces
 22984 | Shoals:1 | Entered Level 1 of the Shoals
 23198 | Shoals:1 | Found Qeler's Armour Shoppe.
 23210 | Shoals:1 | Bought a +1 pair of gloves for 161 gold pieces
 23210 | Shoals:1 | Bought a +2 pair of boots for 231 gold pieces
 23834 | Shoals:2 | Reached skill level 10 in Shields
 23839 | Shoals:2 | Reached skill level 10 in Armour
 23943 | Shoals:2 | Received a gift from Okawaru
 23957 | Shoals:2 | Noticed a kraken
 24182 | Shoals:2 | Found Dilovuz's Armour Shop.
 24578 | Shoals:2 | Killed a kraken
 24814 | Shoals:3 | Identified the +1 whip of Analysis {flame, Dex+7}
 24976 | Shoals:3 | Noticed Ilsuiw
 25098 | Shoals:3 | Killed Ilsuiw
 25224 | Shoals:3 | Reached skill level 1 in Throwing
 25519 | Shoals:4 | Identified the "Guxzyn"
 25519 | Shoals:4 | Entered Level 4 of the Shoals
 25522 | Shoals:4 | Received a gift from Okawaru
 25707 | Shoals:3 | Reached XP level 18. HP: 148/160 MP: 27/27
 25773 | Shoals:4 | Noticed Mara
 26670 | Shoals:4 | Noticed a kraken
 26691 | Shoals:4 | HP: 7/160 [tentacle[a kraken] (15)]
 26691 | Shoals:4 | Mangled by a kraken

Illustrated notes

Levels and vault maps discovered:
D:1:      dpeg_arrival_rooms_b, layout_basic, nicolae_grassy_gnolls
D:2:      layout_basic
D:3:      layout_rooms, vehumet_crystals, chequers_serial_rivers_micro_a,
          uniq_terence
D:4:      layout_loops_corners, general_overflow_altar,
          mainiacjoe_overflow_cross_hatched, minmay_temple_entry_fiery
D:5:      layout_basic, mainiacjoe_overflow_tiny_flanked, portal_sewer_entry_d,
          minmay_misc_feat_nine_boxes
D:6:      layout_cave_pools, nicolae_tso_carved_into_rock, serial_shops,
          nicolae_shop_waterfront, uniq_grinder, uniq_eustachio, uniq_menkaure,
          uniq_crazy_yiuf_cottage, uniq_duvessa
D:7:      layout_gridville, serial_undead, serial_undead_d, serial_undead_b,
          serial_undead_d, serial_undead_e, serial_undead_e, serial_undead_a,
          hangedman_abyss_or_decor_lesser_grid
D:8:      layout_basic
D:9:      layout_big_octagon, hiddenorc1_lemuel, grunt_decor_resistance
D:10:     layout_irregular_city
D:11:     layout_rooms, lair_entry_dummy
D:12:     layout_roguey, serial_demonic, serial_demonic_d, serial_demonic_b,
          serial_demonic_f, serial_demonic_d, okawaru_humans, uniq_maurice,
          uniq_fannar, uniq_nessos
D:13:     layout_layer_cave, hellmonk_vaults_order_and_chaos
D:14:     layout_cave_pods, enter_trove_2, uniq_roxanne
D:15:     hangedman_depths_entry_civil_slaughter, layout_irregular_city,
          serial_ice, serial_ice_e, serial_ice_n, serial_ice_g, serial_ice_l,
          serial_ice_o, serial_ice_f, serial_ice_a, serial_ice_m, serial_ice_c,
          serial_ice_b, kiku_gazebo_garden_becter, uniq_agnes
Temple:   nicolae_temple_bog_church
Lair:1:   layout_roguey [special_room_bee], gammafunk_ghost_hydra_chop,
          serial_rivers, chequers_serial_rivers_micro_c,
          chequers_serial_rivers_marsh, chequers_serial_rivers_small_3,
          chequers_serial_rivers_micro_d, chequers_serial_rivers_large_b,
          minivault_23, uniq_amaemon
Lair:2:   layout_regular_city, minmay_snake_entry_guardpost_medium,
          grunt_megastairs_3
Lair:3:   layout_chaotic_city, minmay_shoals_entry_hut
Lair:4:   layout_regular_city
Lair:5:   hangedman_lair_caniforms_friends, layout_cave_pods,
          hangedman_lair_in_review, dpeg_slime_entry_enclosed,
          serial_bayou_pond_c, lemuel_fruit_tree, uniq_josephine
Shoals:1: layout_shoals, serial_shops, shop,
          nicolae_shoals_water_elemental_grotto
Shoals:2: layout_shoals, serial_shops, nicolae_shop_hallway_plus
Shoals:3: layout_shoals, uniq_ilsuiw
Shoals:4: shoals_end_grunt_ice, layout_shoals, shoals_ilsuiw_alternative,
          uniq_mara
Orc:1:    layout_diamond_mine, serial_shops, shop, nicolae_shop_hallway_stairs,
          shop, uniq_harold
Orc:2:    st_orc_congregation, layout_caves, serial_shops, shop,
          minmay_orc_temple_c, uniq_sonja

Skill      XL: |  1  2  3  4  5  6  7  8  9 10 11 12 13 14 15 16 17 18 |
---------------+-------------------------------------------------------+-----
Maces & Flails | 3 4 5 6 7 9 10 12 14 16 18 20 | 20.0
Fighting       | 4 5 6 8 9 10 12 13 15 16 18 19 | 19.4
Invocations    | 2 3 5 6 8 9 10 12 | 12.0
Armour         | 5 7 9 11 | 11.5
Shields        | 6 8 11 12 | 12.1
Throwing       | 1 3 |  3.2

Action                     |  1- 3 |  4- 6 |  7- 9 | 10-12 | 13-15 | 16-18 || total
---------------------------+-------+-------+-------+-------+-------+-------++-------
  Melee: Flail             |    69 |   140 |   228 |       |       |       ||   437
         Morningstar       |       |       |    82 |   453 |       |       ||   535
         Demon whip        |       |       |       |   269 |   643 |       ||   912
         Great mace        |       |       |       |     8 |   361 |   924 ||  1293
  Throw: Dart              |       |       |     3 |    24 |       |       ||    27
         Javelin           |       |       |       |       |       |     3 ||     3
 Invoke: Heroism           |       |       |     2 |     5 |     2 |     9 ||    18
         Finesse           |       |       |       |     1 |     1 |     4 ||     6
         Receive Weapon    |       |       |       |     1 |       |       ||     1
         Receive Armour    |       |       |       |     1 |       |       ||     1
Ability: Dig               |       |       |       |       |       |     4 ||     4
  Evoke: Wand              |       |       |       |     2 |       |     1 ||     3
         Lightning rod     |       |       |       |     2 |       |     3 ||     5
         Phial of floods   |       |       |       |       |     1 |       ||     1
    Use: Scroll            |       |     5 |       |     5 |     9 |     6 ||    25
         Potion            |       |     2 |       |    11 |       |     4 ||    17
 Armour: Scale mail        |    12 |       |       |       |       |       ||    12
         Chain mail        |    40 |    31 |       |       |       |       ||    71
         Plate armour      |       |    67 |   286 |   620 |   652 |   798 ||  2423
  Dodge: Dodged            |    21 |    39 |   100 |   277 |   646 |   538 ||  1621
  Block: Buckler           |    19 |    39 |   111 |   235 |   289 |       ||   693
         Kite shield       |       |       |       |       |    20 |   700 ||   720

Table legend: (Time is in decaauts)
 A = Elapsed time spent in this place.
 B = Non-inter-level travel time spent in this place.
 C = Inter-level travel time spent in this place.
 D = Time resting spent in this place.
 E = Time spent auto-exploring this place.
 F = Levels seen in this place.
 G = Mean time per level.
                   A        B        C        D        E       F      G
               +--------+--------+--------+--------+--------+-----+--------+
         Total |  26784 |  24691 |   2093 |    103 |  18286 |  28 |  956.6 |
       Dungeon |  14048 |  13134 |    914 |    103 |   9895 |  15 |  936.5 |
        Temple |     51 |      3 |     48 |      0 |      0 |   1 |   51.0 |
          Lair |   5966 |   5681 |    285 |      0 |   4363 |   5 | 1193.2 |
        Shoals |   4025 |   3600 |    425 |      0 |   2559 |   4 | 1006.2 |
  Orcish Mines |   2551 |   2132 |    419 |      0 |   1387 |   2 | 1275.5 |
         Sewer |    142 |    142 |      0 |      0 |     81 |   1 |  142.0 |
               +--------+--------+--------+--------+--------+-----+--------+

Top non-repeatable levels by time:
   Orc:2: 1698 daAuts
  Lair:5: 1659 daAuts
Shoals:3: 1344 daAuts
     D:8: 1234 daAuts
     D:7: 1229 daAuts
Shoals:2: 1126 daAuts
  Lair:1: 1119 daAuts
    D:10: 1115 daAuts
  Lair:3: 1114 daAuts
     D:1: 1080 daAuts
  Lair:2: 1039 daAuts
  Lair:4: 1034 daAuts
    D:15: 984 daAuts
     D:5: 969 daAuts
    D:12: 945 daAuts
